cohdb
Replays
Latest Replays
All Replays
Popular Replays
Top Player Replays
Match Explorer
How It Works
Community
CoH3 Stats
Reddit
Sign in to upload your games and track your stats! →
Sign in with Steam
Match 43457247
Unlisted
Match 43457247
Overview
Messages
Build Orders
End
Kradschützen Motorcycle Team
Kradschützen Motorcycle Team
Selects Armored Support Battlegroup
250 Light Carrier
Construct Light Support Kompanie
Assault Grenadier Squad
Panzerjäger Squad
Selects Superior Fire Drills
MG34 Team
Fire Support Elements
Assault Grenadier Squad
Vehicle Survival Package
Flakvierling Half-track
Panzerpioneer Squad
Panzerjäger Mechanized Group
Selects Salvage Kits
Construct Mechanized Kompanie
Selects Flammpanzer III Medium Tank
Emergency Repair Kits
254 Reconnaissance Tractor
2.5-tonne Medical Truck
Willaguy
HighFive
0
0
Comments
sign in to comment!
No comments posted yet!